 Dungeon Sprint DCSS version 0.28-a0-1234-g826d19b2e0 (webtiles) character file.

Game seed: 13632337656087124863

16 rocky1 the Chucker (level 2, -3/32 HPs)
             Began as an Ogre Hunter on Dec 24, 2021.
             Was an Initiate of Okawaru.
             Slain by an ufetubus (4 damage)
             ... while paralysed by a floating eye
             ... in the Dungeon (Sprint VII: "The Pits").
             The game lasted 00:01:10 (475 turns).

rocky1 the Chucker (Ogre Hunter)                     Turns: 475, Time: 00:01:11

Health: -3/32      AC:  3    Str: 15    XL:     2   Next: 58%
Magic:  2/2        EV:  1    Int: 12    God:    Okawaru [......]
Gold:   0          SH:  0    Dex:  9    Spells: 1/1 levels left

rFire   . . .      SeeInvis .   n - +2 hand axe
rCold   . . .      Faith    .   (no shield)
rNeg    . . .      Spirit   .   b - +0 robe
rPois   .          Reflect  .   (helmet restricted)
rElec   .          Harm     .   (no cloak)
rCorr   .          Rampage  .   (gloves unavailable)
Will    .....      NoTele   +   (boots unavailable)
Stlth   +.........              (no amulet)
HPRegen 0.10/turn               (no ring)
MPRegen 0.08/turn               (no ring)

@: paralysed
A: large, unfitting armour, tough skin 1
a: Renounce Religion


You were in the Dungeon.
You worshipped Okawaru.
Okawaru was noncommittal.
You visited 1 branch

Inventory:

Hand Weapons
 a - a +0 short sword
 n - a +2 hand axe (weapon)
 o - a +2 mace
Missiles
 c - 4 large rocks (quivered)
 d - 2 throwing nets
Armour
 b - a +0 robe (worn)
Scrolls
 j - a scroll of blinking
 l - 5 scrolls of amnesia
 m - a scroll of summoning
Potions
 e - a potion of curing
 g - a potion of haste
 h - 4 potions of magic
 i - 3 potions of berserk rage
 k - 2 potions of invisibility


   Skills:
 + Level 4.1 Fighting
 * Level 2.5 Axes
 + Level 4.6 Throwing
 + Level 2.7 Dodging
 - Level 0.6 Stealth


You had one spell level left.
You didn't know any spells.
Your spell library was empty.

Dungeon Overview and Level Annotations

Branches:
Dungeon (1/1)

Altars:
Ashenzari
Cheibriados
Dithmenos
Elyvilon
Fedhas
Gozag
Hepliaklqana
Kikubaaqudgha
Makhleb
Nemelex Xobeh
Okawaru
Qazlal
Ru
Sif Muna
Trog
Uskayaw
Vehumet
Wu Jian
Xom
Yredelemnul
Zin
The Shining One
Beogh
Jiyva
Lugonu


Innate Abilities, Weirdness & Mutations

You are too large for most types of armour.
You have tough skin. (AC +1)


Message History

* * * LOW HITPOINT WARNING * * *
The ufetubus barely misses you.
Throw: 5 large rocks
Press: ? - help, Q - select action, (/) - cycle Shift-Dir - straight line, f - ufetubus
Aim: an ufetubus (almost dead, 40% to hit)
You throw a large rock.
The large rock barely misses the ufetubus.
The ufetubus closely misses you. The ufetubus hits you.
* * * LOW HITPOINT WARNING * * *
The ufetubus misses you.
The ufetubus hits you but does no damage.
A floating eye comes into view.
A black bear comes into view.
The ufetubus misses you. The ufetubus barely misses you.
Unknown command.
You feel much better.
The floating eye's stare focuses on you.
The ufetubus completely misses you. The ufetubus hits you.
Unknown command.
You closely miss the ufetubus.
The ufetubus is almost dead.
You closely miss the giant cockroach. The ufetubus barely misses you.
The ufetubus closely misses you.
The giant cockroach bites you but does no damage.
The floating eye gazes piercingly through you!
You suddenly lose the ability to move!
The ufetubus hits you.
The ufetubus hits you but does no damage.
The giant cockroach barely misses you.
The ufetubus hits you but does no damage.
The ufetubus hits you. The giant cockroach bites you.
The ufetubus hits you but does no damage.
The ufetubus hits you.
The giant cockroach waves its antennae.
The giant cockroach bites you.
* * * LOW HITPOINT WARNING * * *
The ufetubus hits you.
* * * LOW HITPOINT WARNING * * *
The ufetubus hits you.
* * * LOW HITPOINT WARNING * * *
The ufetubus hits you.
You die...

#.?(.').)'.##......#..#.
##########.##...........
#...........'...........
#+#####†#####......#..#.
#B #...'.##...........
#..#...#.#####'#####++
#..#####.##.......#
#..'.GB#.##.......#
#(.'.h5@.##.......#
#..########...<...# #.
#.......# # #.......#
#.......# #########


You could see a black bear, a floating eye, an ufetubus and a giant cockroach.

Vanquished Creatures
  An adder (D)
  An adder skeleton (D)
  A goblin (D)
  A hobgoblin (D)
  A frilled lizard (D)
5 creatures vanquished.

Notes
Turn   | Place    | Note
-------+----------+-------------------------------------------
     0 | D        | rocky1 the Ogre Hunter began the quest for the Orb.
     0 | D        | Reached XP level 1. HP: 22/22 MP: 1/1
    46 | D        | Found a bloodstained altar of Trog.
    46 | D        | Found a shimmering blue altar of Sif Muna.
    46 | D        | Found a viscous altar of Jiyva.
    46 | D        | Found a hazy altar of Hepliaklqana.
    46 | D        | Found an opulent altar of Gozag.
    47 | D        | Found a glowing golden altar of the Shining One.
    47 | D        | Found a glowing silver altar of Zin.
    47 | D        | Found a basalt altar of Yredelemnul.
    47 | D        | Found a shimmering altar of Xom.
    47 | D        | Found an ornate altar of the Wu Jian Council.
    47 | D        | Found a sacrificial altar of Ru.
    47 | D        | Found a stormy altar of Qazlal.
    47 | D        | Found an iron altar of Okawaru.
    47 | D        | Found a sparkling altar of Nemelex Xobeh.
    47 | D        | Found a burning altar of Makhleb.
    47 | D        | Found a blossoming altar of Fedhas.
    47 | D        | Found a white marble altar of Elyvilon.
    47 | D        | Found a shadowy altar of Dithmenos.
    47 | D        | Found a snail-covered altar of Cheibriados.
    50 | D        | Found a corrupted altar of Lugonu.
    50 | D        | Found a radiant altar of Vehumet.
    51 | D        | Found an ancient bone altar of Kikubaaqudgha.
    51 | D        | Found a hide-covered altar of Uskayaw.
    51 | D        | Found a broken altar of Ashenzari.
    55 | D        | Became a worshipper of Warmaster Okawaru
    78 | D        | Reached XP level 2. HP: 25/32 MP: 2/2
   470 | D        | Noticed a floating eye
   470 | D        | Noticed a black bear
   472 | D        | Paralysed by a floating eye for 4 turns
   474 | D        | HP: 1/32 [ufetubus (4)]
   475 | D        | Slain by an ufetubus

Illustrated notes

Levels and vault maps discovered:
D:        pitsprint [storerooms_1, entrance_room_1, metal_vault_4, armoury_3,
          mini_pit_1, grid_room_1, main_hall_1, silver_pit, the_coven_3,
          the_vestibule_1, steel_vault_3, golden_pit, hallway_of_sentries,
          crystal_vault_1, iron_vault_4, final_vault]

Skill      XL: |  1  2 |
---------------+-------+-----
Fighting       | 3 4 |  4.1
Dodging        | 2 |  2.7
Axes           | 2 |  2.5
Throwing       | |  4.6
Stealth        | |  0.6

Action                   || total
-------------------------++-------
Melee: Hand axe          ||    17
       Short sword       ||     3
Throw: Large rock        ||     4
  Use: Potion            ||     1
 Stab: Sleeping          ||     1
Armor: Robe              ||    11
Dodge: Dodged            ||    22

Table legend: (Time is in decaauts)
 A = Elapsed time spent in this place.
 B = Non-inter-level travel time spent in this place.
 C = Inter-level travel time spent in this place.
 D = Time resting spent in this place.
 E = Time spent auto-exploring this place.
 F = Levels seen in this place.
 G = Mean time per level.
                   A        B        C        D        E       F      G
               +--------+--------+--------+--------+--------+-----+--------+
         Total |    481 |    481 |      0 |    359 |      0 |   1 |  481.0 |
       Dungeon |    481 |    481 |      0 |    359 |      0 |   1 |  481.0 |
               +--------+--------+--------+--------+--------+-----+--------+

Top non-repeatable levels by time:
       D: 481 daAuts
